Construct Weapon Support Center
Selects Airborne Battlegroup
Construct Medical Station
M3 Armored Personnel Carrier
Selects Paratrooper Squad Paradrop
Selects Anti-tank Gun Team Paradrop
Paratrooper Squad Paradrop
Anti-tank Gun Team Paradrop
Paratrooper Squad Paradrop
Anti-tank Gun Team Paradrop
Selects Paradrop Reinforcements
Anti-tank Gun Team Paradrop
Selects Carpet Bombing Run
M18 Hellcat Tank Destroyer
Paratrooper Squad Paradrop
M18 Hellcat Tank Destroyer
Anti-tank Gun Team Paradrop
M18 Hellcat Tank Destroyer